 Dungeon Crawl Stone Soup version 0.27.0-1-g7a089689b8 (webtiles) character file.

Game seed: 2549487005376440713

60 mimimomo the Conjurer (level 3, -1/28 HPs)
             Began as a Draconian Conjurer on Aug 2, 2021.
             Killed from afar by Sigmund (4 damage)
             ... with a magic dart
             ... on level 2 of the Dungeon.
             The game lasted 00:05:04 (2004 turns).

mimimomo the Conjurer (Draconian Conjurer)          Turns: 2004, Time: 00:05:05

Health: -1/28      AC:  5    Str:  9    XL:     3   Next: 82%
Magic:  1/6        EV: 12    Int: 19    God:
Gold:   109        SH:  0    Dex:  9    Spells: 3/6 levels left

rFire    . . .     SeeInvis .   d - +1 whip (venom)
rCold    . . .     Faith    .   (no shield)
rNeg     . . .     Spirit   .   (armour unavailable)
rPois    .         Reflect  .   (helmet restricted)
rElec    .         Harm     .   (no cloak)
rCorr    .         Rampage  .   (no gloves)
Will     .....                  (no boots)
Stlth    ++........             (no amulet)
HPRegen  0.09/turn              (no ring)
MPRegen  0.10/turn              (no ring)

@: no status effects
A: AC +5, unfitting armour, cold-blooded
a: no special abilities


You were on level 2 of the Dungeon.
You visited 1 branch of the dungeon, and saw 2 of its levels.

You collected 109 gold pieces.

Inventory:

Hand Weapons
 a - a +0 rapier
 d - a +1 whip of venom (weapon)
Scrolls
 b - a scroll of noise
 h - a scroll of brand weapon {unknown}
Potions
 c - a potion of mutation {unknown}
 e - a potion of attraction {unknown}
 g - a potion of flight {unknown}


   Skills:
 * Level 1.4 Fighting
 + Level 0.1 Maces & Flails
 + Level 2.0 Dodging
 - Level 1.8 Stealth
 - Level 2.0 Spellcasting
 + Level 5.0 Conjurations


You had 3 spell levels left.
You knew the following spells:

 Your Spells              Type           Power      Damage    Failure   Level
a - Magic Dart            Conj           84%        1d7       1%          1
b - Searing Ray           Conj           42%        3d4       3%          2

Your spell library contained the following spells:

 Spells                   Type           Power      Damage    Failure   Level
 Dazzling Flash           Conj/Hex       22%        N/A       19%         3
 Ozocubu's Armour         Ice            1%         N/A       45%         3
 Fulminant Prism          Conj/Hex       5%         3d7       52%         4
 Iskenderun's Mystic Bla  Conj/Tloc      11%        2d4       52%         4
 Ozocubu's Refrigeration  Ice            0%         4d5       100%        7


Dungeon Overview and Level Annotations

Branches:
Dungeon (2/15)

Altars:

Annotations:
D:2 Sigmund


Innate Abilities, Weirdness & Mutations

Your plain brown scales are hard. (AC +5)
You cannot fit into any form of body armour.
You are cold-blooded and may be slowed by cold attacks.


Message History

The kobold completely misses you.
Casting: Searing Ray (safe; 3% risk of failure)
Confirm with . or Enter, or press ? or * to list all spells.
Aiming: Searing Ray (safe; 3% risk of failure)
Press: ? - help, Shift-Dir - straight line, f/p - Sigmund
Aim: Sigmund, wielding a +0 scythe and wearing a +0 robe (moderately wounded, 75% to hit)
Okay, then.
You aren't carrying any items that you can evoke.
Unknown command.
Casting: Searing Ray (safe; 3% risk of failure)
Confirm with . or Enter, or press ? or * to list all spells.
Aiming: Searing Ray (safe; 3% risk of failure)
Press: ? - help, Shift-Dir - straight line, f/p - Sigmund
Aim: Sigmund, wielding a +0 scythe and wearing a +0 robe (moderately wounded, 75% to hit)
The searing ray hits the kobold!
You kill the kobold!
The searing ray hits Sigmund!
Sigmund is severely wounded. (Press . to maintain the ray.) Sigmund points at you and mumbles some strange words.
You are confused.
Sigmund gestures at you while chanting. The puff of flame hits you.
* * * LOW HITPOINT WARNING * * *
Things that are here:
a +0 dagger; 3 stones You closely miss Sigmund.
You tail-slap Sigmund.
Sigmund is severely wounded.
Sigmund gestures at you while chanting. The magic dart hits you.
* * * LOW HITPOINT WARNING * * *
You miss Sigmund.
Sigmund is severely wounded.
Sigmund closely misses you. Sigmund misses you.
You bump into the rock wall.
Sigmund barely misses you.
You feel less confused.
Sigmund laughs darkly.
Sigmund points at you and mumbles some strange words.
The magic dart hits you.
You die...

...........## #...# #.......##.
###.........###...#####.##.#..##.
##....................#.##.#..##.
...........................#..##.
......................#.####..###
####.......####...#####.####..# #
#.#...#.# #...# #.......# #
#.......# #)#.# ######.##
###.##### #@@.# #.# #.# #.......#
#.# #### #.# #.##.##.# ###.####
...# #.# #. ..# .# #......#
##.###.# . ... # #.#.##.#
.<.....# .. ...## #.#.....
##.##### ## ...# #.####.# ##.#
..... #.####.# ...# #.†....#


You could see Sigmund.

Vanquished Creatures
  Jessica (D:2)
  4 endoplasms (D:1)
  A giant cockroach (D:2)
  4 goblins
  5 hobgoblins
  A quokka (D:1)
  A ball python (D:2)
  2 bats (D:1)
  2 frilled lizards (D:1)
  8 kobolds
  4 rats
33 creatures vanquished.

Notes
Turn   | Place    | Note
-------+----------+-------------------------------------------
     0 | D:1      | mimimomo the Draconian Conjurer began the quest for the
                  | Orb.
     0 | D:1      | Reached XP level 1. HP: 14/14 MP: 3/3
   420 | D:1      | Reached XP level 2. HP: 20/20 MP: 1/5
   541 | D:1      | Learned a level 2 spell: Searing Ray
  1595 | D:2      | Reached XP level 3. HP: 27/27 MP: 4/6
  1797 | D:2      | Noticed Jessica
  1803 | D:2      | Reached skill level 1 in Fighting
  1811 | D:2      | Killed Jessica
  1812 | D:2      | Reached skill level 5 in Conjurations
  1986 | D:2      | Noticed Sigmund
  2004 | D:2      | Killed from afar by Sigmund

Illustrated notes

Levels and vault maps discovered:
D:1:      matt_arrival_grand_opening, layout_loops_corners, columned_hall_lemuel
D:2:      layout_loops_cross, uniq_jessica, uniq_sigmund

Skill      XL: |  1  2  3 |
---------------+----------+-----
Fighting       | 1 |  1.4
Dodging        | 2 |  2.0
Conjurations   | 5 |  5.0
Maces & Flails | |  0.1
Stealth        | |  1.8
Spellcasting   | |  2.0

Action                   || total
-------------------------++-------
Melee: Rapier            ||    11
       Whip              ||    15
       Tailslap          ||     1
 Cast: Magic Dart        ||    55
       Searing Ray       ||     2
  Use: Scroll            ||     4
       Potion            ||     1
Armor: Skin              ||     4
Dodge: Dodged            ||    27
